 Dungeon Crawl Stone Soup version 0.18-a0-1577-gf591c28 (webtiles) character file.

823 M4edhros the Covert (level 7, -2/43 HPs)
             Began as an Octopode Artificer on Mar 22, 2016.
             Slain by an orc wizard
             ... wielding a +0 quarterstaff
              (11 damage)
             ... on level 5 of the Dungeon.
             The game lasted 00:05:23 (4106 turns).

M4edhros the Covert (Octopode Artificer)            Turns: 4106, Time: 00:05:23

Health: -2/43      AC:  1    Str:  8    XL:     7   Next: 96%
Magic:  9/9        EV: 15    Int: 14    God:
Gold:   224        SH:  5    Dex: 15    Spells: 0 memorised, 6 levels left

rFire  . . .     SeeInvis .     x - +5 short sword (elec)
rCold  . . .     Gourm    .     (no shield)
rNeg   . . .     Faith    .     (helmet restricted)
rPois  .         Spirit   .     H - +5 amulet of reflection
rElec  .         Dismiss  .     B - ring of sustain attributes
rCorr  .         Reflect  +     F - -2 ring of strength (curse)
SustAt +         Harm     .     (no ring)
MR     .....                    (no ring)
Stlth  +++++.....               (no ring)
                                (no ring)
                                (no ring)
                                (no ring)

@: not resistant to hostile enchantments, quite stealthy
A: almost no armour, amphibious, 8 rings, constrict 8, camouflage 1, gelatinous
body 1
a: no special abilities


You were on level 5 of the Dungeon.
You were not hungry.

You visited 1 branch of the dungeon, and saw 5 of its levels.
You also visited: Sewer.

You collected 224 gold pieces.

Inventory:

Hand Weapons
 a - a +0 short sword
 v - a +0 hunting sling
 x - a +5 short sword of electrocution (weapon)
 D - a +2 dire flail of protection
Missiles
 l - 52 stones (quivered)
Jewellery
 B - a ring of sustain attributes (left tentacle)
 F - a cursed -2 ring of strength (right tentacle)
 H - a +5 amulet of reflection (around mantle)
Wands
 b - a wand of flame (11/48)
 c - a wand of enslavement (15/24)
 d - a wand of random effects (12/48)
Scrolls
 g - 2 scrolls of random uselessness {unknown}
 h - 4 scrolls of fear {unknown}
 j - 3 scrolls of identify {unknown}
 k - a scroll of blinking {unknown}
 q - 3 scrolls of enchant armour {unknown}
 r - 2 scrolls of teleportation {unknown}
 t - 3 scrolls of fog {unknown}
 y - 2 scrolls of recharging {unknown}
 A - a scroll of magic mapping {unknown}
 C - 2 scrolls of amnesia {unknown}
 E - a scroll of remove curse {unknown}
 K - a scroll of noise {unknown}
Potions
 e - 3 potions of might {unknown}
 i - 2 potions of curing
 m - 6 potions of flight {unknown}
 p - 2 potions of agility {unknown}
 s - a potion of haste {unknown}
 u - a potion of cancellation {unknown}
 w - 2 potions of brilliance {unknown}
 z - a potion of berserk rage {unknown}
 I - a potion of heal wounds {unknown}
Comestibles
 f - 2 bread rations
 n - a slice of pizza
 o - 3 meat rations
 G - a beef jerky
 J - 9 chunks of flesh


   Skills:
 - Level 1.0 Fighting
 + Level 2.6 Short Blades
 + Level 3.1 Slings
 + Level 4.9 Dodging
 * Level 8.4 Stealth
 - Level 3.2 Evocations


You had 6 spell levels left.
You didn't know any spells.

Dungeon Overview and Level Annotations

Branches:
Dungeon (5/15)
 Temple: D:4-7

Altars:
Makhleb

Annotations:
D:5 pedritolo's ghost, novice MiCK


Innate Abilities, Weirdness & Mutations

You cannot wear most types of armour.
You are amphibious.
You can wear up to eight rings at the same time.
You can use your tentacles to constrict eight enemies at once.
Your skin changes colour to match your surroundings (Stealth).
Your rubbery body absorbs attacks (AC +1).


Message History

Zapping:
b - a wand of flame (12/48)
Press: ? - help, Shift-Dir - straight line, f/p - orc wizard
Aim: an orc wizard, wielding a quarterstaff and wearing a robe (moderately wounded, constricted by you, fast)
The puff of flame hits the orc wizard.
The orc wizard is severely wounded.
This wand has 11 charges left.
You constrict the orc wizard. The orc wizard casts a spell at you.
The magic dart hits you!
* * * LOW HITPOINT WARNING * * *
The orc wizard barely misses you.
Drink which item? (? for menu, Esc to quit)
You feel better.
You constrict the orc wizard.
The orc wizard hits you with a quarterstaff!
* * * LOW HITPOINT WARNING * * *
You barely miss the orc wizard.
The orc wizard is almost dead.
You constrict the orc wizard, but do no damage.
The orc wizard closely misses you.
The orc wizard hits you with a quarterstaff!
You die...

#...# #####)# #...#
###...<<#
###.###...#####
#..#..###
#####.#)##
.....)..# .
#####).## ...
##.#### #####.....
#....#####.@o......
####.......###.....
######### ... .


You could see an orc wizard.

Vanquished Creatures
  Edmund (D:4)
  An ogre (D:4)
  A big kobold (Sewer)
  A howler monkey (D:4)
  A hound (D:4)
  2 orc wizards (D:5)
  A centaur skeleton (D:4)
  3 orc priests (D:5)
  An iguana (D:4)
  A river rat (Sewer)
  10 adders
  4 gnolls (D:2)
  9 worms
  2 dart slugs (D:1)
  3 giant geckos
  9 orcs
  2 ball pythons (Sewer)
  5 giant cockroaches
  10 goblins
  9 hobgoblins
  11 jackals
  7 bats
  5 giant newts
  11 kobolds
  13 rats
123 creatures vanquished.

Notes
Turn   | Place    | Note
--------------------------------------------------------------
     0 | D:1      | M4edhros the Octopode Artificer began the quest for the Orb.
     0 | D:1      | Reached XP level 1. HP: 13/13 MP: 3/3
    68 | D:1      | Reached skill level 2 in Stealth
   147 | D:1      | Reached XP level 2. HP: 18/18 MP: 4/4
   301 | D:1      | Reached skill level 3 in Stealth
   567 | D:1      | Reached XP level 3. HP: 23/23 MP: 5/5
  1016 | D:2      | Reached skill level 4 in Stealth
  1029 | D:2      | Reached XP level 4. HP: 28/28 MP: 6/6
  1407 | D:2      | Reached skill level 5 in Stealth
  1726 | D:3      | Reached XP level 5. HP: 33/33 MP: 7/7
  1784 | D:3      | Found a glowing drain.
  1788 | Sewer    | Entered a sewer
  1799 | Sewer    | Reached skill level 1 in Slings
  2000 | Sewer    | Noticed a big kobold
  2023 | Sewer    | Killed a big kobold
  2023 | Sewer    | Reached skill level 6 in Stealth
  2023 | Sewer    | Reached XP level 6. HP: 17/38 MP: 8/8
  3163 | D:4      | Noticed Edmund
  3302 | D:4      | Killed Edmund
  3302 | D:4      | Reached skill level 7 in Stealth
  3302 | D:4      | Reached XP level 7. HP: 23/43 MP: 9/9
  3579 | D:4      | Found a burning altar of Makhleb.
  3673 | D:4      | Reached skill level 8 in Stealth
  3926 | D:5      | Entered Level 5 of the Dungeon
  3994 | D:5      | Noticed pedritolo's ghost (novice MiCK)
  4106 | D:5      | Slain by an orc wizard

Vault maps used:
D:1:      grunt_arrival_lava_bath, corexii_hall_statues_x
D:3:      gup_sewer_entry_spiral
D:4:      makhleb_heckhound_becter, uniq_edmund
D:5:      first_bread, serial_shops, nicolae_shop_scaring_up_business,
          kennysheep_cross_bottleneck, uniq_pikel
Sewer:    sewer_co_15_rooms

Skill      XL: |  1  2  3  4  5  6  7 |
---------------+----------------------+-----
Stealth        | 2 3 4 5 6 7 8 |  8.4
Dodging        | 3 4 |  4.9
Slings         | 1 2 3 |  3.1
Short Blades   | 2 |  2.6
Fighting       | |  1.0
Evocations     | |  3.2

Action                   |  1- 3 |  4- 6 |  7- 9 || total
-------------------------+-------+-------+-------++-------
Melee: Short sword       |    44 |   127 |    47 ||   218
Evoke: Wand              |     1 |     4 |     2 ||     7
  Use: Potion            |       |     3 |     1 ||     4
 Stab: Sleeping          |    13 |    23 |     5 ||    41
       Distracted        |       |     1 |       ||     1
  Eat: Chunk             |       |     7 |     3 ||    10
